 Dungeon Crawl Stone Soup version 0.30-a0-778-g2ef04afb54 (webtiles) character file.

Game seed: 18090783009162899026

110336 DEFE the Fetichist (level 16, 0/122 (130) HPs)
             Began as a Demonspawn Wanderer on Feb 16, 2023.
             Was a High Priest of Ru.
             Slain by an orc warrior
             ... wielding a +0 trident
             ... led by an orc knight
              (19 damage)
             ... on level 2 of the Orcish Mines.
             The game lasted 00:38:39 (35237 turns).

DEFE the Fetichist (Demonspawn Wanderer)           Turns: 35237, Time: 00:38:39

HP:   0/122 (130)   AC: 29    Str: 23    XL:     16   Next: 6%
MP:   17/17         EV:  5    Int: 14    God:    Ru [*****.]
Gold: 3655          SH:  0    Dex: 11    Spells: 16/17 levels left

rFire   + + .      SeeInvis +      - Unarmed
rCold   + . .      Faith    +    (no shield)
rNeg    . . .      Spirit   .    H - +3 plate armour {rF+}
rPois   .          Reflect  .    W - +1 helmet {SInv}
rElec   .          Harm     .    S - +0 cloak
rCorr   .          Rampage  .    (gloves unavailable)
Will    +....                    r - +2 pair of boots {Fly} Stlth
                                 L - amulet of faith
HPRegen 0.40/turn                T - ring of protection from cold
MPRegen 0.15/turn                b - ring "Elygif" {Wiz rF+ Dex+3}

@: exhausted, flying, drained, unable to drink
A: yellow scales 2, demonic guardian 3, foul stench 1, inability to drink after
injury 2, no stealth, no conjurations magic, no earth magic, no hexes magic,
reduced EV 1, unskilled 1, demonic touch 3, see invisible, clumsy 1
a: Renounce Religion, Draw Out Power, Power Leap, Apocalypse


You were on level 2 of the Orcish Mines.
You worshipped Ru.
Ru was extremely pleased with you.
You visited 4 branches of the dungeon, and saw 23 of its levels.
You also visited: Sewer, Ossuary, Bailey and Volcano.

You collected 4705 gold pieces.
You spent 1050 gold pieces at shops.

Inventory:

Missiles
 z - 4 throwing nets
 A - 9 curare-tipped darts
Armour
 n - the +2 pair of boots of Wotz {rN+}
   (You acquired it on level 8 of the Dungeon)

   rN:        It protects you from negative energy.
 r - a +2 pair of boots of flying (worn)
 H - a +3 plate armour of fire resistance (worn)
 K - a +0 crystal plate armour
 Q - the +5 scale mail of Curiosity {rC+}
   (You took it off an orc warrior on level 9 of the Dungeon)

   rC:        It protects you from cold.
 S - a +0 cloak (worn)
 W - a +1 helmet of see invisible (worn)
Jewellery
 b - the ring "Elygif" (right hand) {Wiz rF+ Dex+3}
   (You acquired it on level 15 of the Dungeon)

   [ring of wizardry]

   It improves your spell success rate.
   Dex:       It affects your dexterity (+3).
   rF:        It protects you from fire.
 p - a +4 ring of protection
 L - an amulet of faith (around neck)
 O - an amulet of regeneration
 P - a ring of flight
 T - a ring of protection from cold (left hand)
 U - a +5 ring of evasion
 Z - the ring "Eloynieg" {Will- Str+5 Int+5 SInv}
   (You found it on level 3 of the Lair of Beasts)

   [ring of see invisible]

   Str:       It affects your strength (+5).
   Int:       It affects your intelligence (+5).
   SInv:      It lets you see invisible.
   Will:      It decreases your willpower.
Wands
 d - a wand of paralysis (1)
 y - a wand of flame (43)
 M - a wand of quicksilver (10)
 X - a wand of mindburst (2)
 Y - a wand of digging (10)
Scrolls
 c - 6 scrolls of fear
 g - 2 scrolls of brand weapon
 h - 5 scrolls of fog
 i - 9 scrolls of teleportation
 j - 5 scrolls of immolation
 k - 5 scrolls of poison
 l - 5 scrolls of vulnerability
 o - 4 scrolls of blinking
 q - a scroll of enchant armour
 u - 3 scrolls of enchant weapon
 x - 2 scrolls of butterflies
 N - 4 scrolls of magic mapping
 R - 2 scrolls of silence
Potions
 a - 2 potions of attraction
 e - 10 potions of curing
 f - 3 potions of mutation
 m - 7 potions of invisibility
 s - a potion of berserk rage
 v - 2 potions of lignification
 w - a potion of magic
 B - 7 potions of might
 C - 3 potions of haste
 D - 6 potions of heal wounds
 E - 9 potions of ambrosia
 F - 4 potions of brilliance
 G - 6 potions of flight
 I - 4 potions of cancellation {unknown}
 V - 4 potions of resistance {unknown}
Miscellaneous
 t - a phial of floods


   Skills:
 + Level 13.0 Fighting
 - Level 12.1 Armour
 + Level 8.7 Dodging
   Level 0.0 Stealth
 + Level 14.0 Unarmed Combat
 - Level 1.2 Spellcasting
 + Level 15.2 Evocations


You had 16 spell levels left.
You knew the following spells:

 Your Spells              Type           Power      Damage    Failure   Level
a - Sandblast             Erth           0%         2d4       69%         1

Your spell library contained the following spells:

 Spells                   Type           Power      Damage    Failure   Level
 Beastly Appendage        Tmut           0%         N/A       69%         1
 Summon Small Mammal      Summ           0%         N/A       69%         1
 Cigotuvi's Dreadful Rot  Necr/Pois/Air  0%         N/A       82%         2
 Sublimation of Blood     Necr           0%         N/A       82%         2
 Wereblood                Tmut           0%         N/A       82%         2
 Call Canine Familiar     Summ           0%         N/A       96%         3
 Kindle Blastsparks       Fire/Tloc/Air  0%         2d10      96%         3
 Spider Form              Tmut/Pois      0%         N/A       96%         3
 Vampiric Draining        Necr           0%         2d6       96%         3
 Vhi's Electric Charge    Tloc/Air       0%         N/A       96%         3
 Dispel Undead            Necr           0%         3d6       100%        4
 Summon Lightning Spire   Summ/Air       0%         N/A       100%        4
 Death Channel            Necr           0%         N/A       100%        6
 Storm Form               Tmut/Air       0%         N/A       100%        7
 Summon Hydra             Summ           0%         N/A       100%        7
 Maxwell's Capacitive Co  Air            0%         ∞         100%        8
 Kiss of Death            Conj/Necr      Unusable   2d5       N/A         1
 Slow                     Hex            Unusable   N/A       N/A         1
 Passwall                 Tmut/Erth      Unusable   N/A       N/A         2
 Confusing Touch          Hex            Unusable   N/A       N/A         3
 Dazzling Flash           Conj/Hex       Unusable   N/A       N/A         3
 Stone Arrow              Conj/Erth      Unusable   3d7       N/A         3
 Summon Guardian Golem    Hex/Summ       Unusable   N/A       N/A         3
 Fulminant Prism          Conj/Hex       Unusable   3d5       N/A         4
 Iskenderun's Mystic Bla  Conj/Tloc      Unusable   2d3       N/A         4
 Arcjolt                  Conj/Air       Unusable   1d10      N/A         5
 Iskenderun's Battlesphe  Conj           Unusable   2d6       N/A         5
 Lee's Rapid Deconstruct  Erth           Unusable   3d4*      N/A         5
 Iron Shot                Conj/Erth      Unusable   9d1       N/A         6
 Starburst                Conj/Fire      Unusable   6d3       N/A         6
 Spellforged Servitor     Conj/Summ      Unusable   N/A       N/A         7

Dungeon Overview and Level Annotations

Branches:
Dungeon (15/15)            Temple (1/1) D:5            Lair (5/5) D:9
  Swamp (0/4) Lair:3       Spider (0/4) Lair:2        Slime (0/5) Lair:5
    Orc (2/2) D:9          Vaults (0/5) D:14         Depths (0/4) D:15
  Sewer (visited)         Ossuary (visited)          Bailey (visited)
Volcano (visited)
    Elf: Orc:2

Altars:
Ashenzari
Cheibriados
Dithmenos
Fedhas
Gozag
Hepliaklqana
Kikubaaqudgha
Makhleb
Nemelex Xobeh
Okawaru
Qazlal
Ru
Sif Muna
Trog
Uskayaw
Vehumet
Wu Jian
Xom
Yredelemnul

Shops:
Orc:1 (   Orc:2 =*([

Annotations:
D:3 1 runed translucent door, Crazy Yiuf
D:4 3 runed translucent doors, Mandevil's ghost, amateur HuHu
Lair:1 exclusion: oklob plant
Lair:4 exclusion: oklob plant
Lair:5 1 runed translucent door, Wyjig's ghost, journeyman DrBr
Orc:1 2 transporters, Feriw's ghost, journeyman HOMo


Innate Abilities, Weirdness & Mutations

You are mostly covered in yellow scales. (AC +3)
A powerful demonic guardian rushes to your aid.
You may rarely emit foul miasma when damaged in melee.
You sometimes lose the ability to drink potions when taking damage.
You cannot be stealthy.
You cannot study or cast Conjurations magic.
You cannot study or cast Earth magic.
You cannot study or cast Hexes magic.
You have somewhat slow reflexes. (EV -5)
You are somewhat unskilled. (-1 Apt)
Your touch may irresistibly damage your foes and sap their willpower.
You have supernaturally acute eyesight. (SInv)
You are clumsy. (Dex -2)


Message History

You take 27 damage, and have 44/128 hp.
MASSIVE DAMAGE!!
You pummel the orc high priest!!
The troll is no longer moving slowly.
The soul eater hits you but does no damage.
The orc warrior barely misses you.
The orc high priest completely misses you.
Unknown command.
Unknown command.
You are restored by drawing out deep reserves of power within.
You feel drained.
The orc knight is no longer blind.
The orc knight is stunned by your conviction and fails to attack.
The orc priest hits you but does no damage.
The soul eater barely misses you. The troll completely misses you.
The troll claws you! The troll claws you but does no damage.
The orc warrior hits you with a +0 trident.
You focus your inner power and slow the orc warrior in retribution!
You regained 18 hp, and now have 62/122 hp.
Unknown command.
Unknown command.
You closely miss the orc high priest.
The orc knight hits you with a +0 war axe!
You focus your inner power and illuminate the orc knight in retribution!
The orc high priest mumbles some strange prayers to Beogh against you.
You resist with significant effort. The orc priest barely misses you.
The soul eater is stunned by your conviction and fails to attack.
The troll is stunned by your conviction and fails to attack.
You take 8 damage, and have 54/122 hp.
Unknown command.
Unknown command.
You punch the orc high priest!
The orc knight hits you with a +0 war axe!
You feel threatened and lose the ability to drink potions!
You redirect the orc priest's attack!
The orc priest hits you but does no damage.
The orc high priest hits you with a +2 heavy hand axe!!
* * * LOW HITPOINT WARNING * * *
A demonic guardian appears!
The orc warrior hits you with a +0 trident!!
You die...

##.####.............
#....##.............
#.........P...)...#.
###..)............###
##................###.
#....##......#..### ##
##...)..........# #
###33o..##.....##
#...o@....#.....
#...ooT...#....#
#.....4........#
#............##.
#.....∩..8....§
#.............§
...........P...§
...............


You could see an orc knight (corona), a soul eater (summoned, ally target), an
orc high priest (strong), a troll (blind), a chaos spawn (summoned), an orc
warrior (strong, slow), an orc priest (strong) and a friendly smoke demon
(summoned).

Vanquished Creatures
  Jorgrun (D:12)
  Frances (D:14)
  An orc warlord (Orc:1)
  A stone giant (shapeshifter) (D:9)
  Azrael (D:14)
  Snorg (D:12)
  7 vault guards
  4 hydras
  3 catoblepae (Lair:5)
  4 centaur warriors
  4 boulder beetles
  8 death yaks
  3 two-headed ogres
  A vampire mage (D:15)
  3 orc high priests
  Amaemon (Lair:1)
  2 skeletal warriors
  2 skysharks (Lair:5)
  2 tengu zombies (D:15)
  3 orc knights
  A necromancer (D:15)
  A wizard (D:9)
  27 ugly things
  4 orc sorcerers
  5 manticores
  A stone giant zombie (D:15)
  5 cyclopes
  6 elephants (Lair:5)
  Joseph (Lair:1)
  An orange demon (D:9)
  2 gargoyles (Volcano)
  13 cane toads
  2 rime drakes
  7 komodo dragons
  2 efreet
  3 kobold demonologists (D:11)
  A tengu conjurer (D:15)
  A queen bee (Lair:4)
  4 meliai
  2 polar bears
  8 trolls
  A hornet (D:11)
  12 dream sheep
  4 blink frogs (Lair:1)
  Prince Ribbit (Bailey)
  12 slime creatures
  A vampire (D:9)
  3 shadows
  5 wyverns
  5 wraiths
  58 yaks
  6 spriggans (Lair:2)
  6 humans (Bailey)
  3 fire bats (Orc:1)
  A steam dragon (D:8)
  8 vampire mosquitoes
  2 fire elementals (D:14)
  2 basilisks (Lair:2)
  5 wargs
  Menkaure (Ossuary)
  2 acid dragons (D:9)
  A glowing shapeshifter zombie (D:15)
  A hell hound (D:14)
  18 water moccasins
  2 sky beasts (D:7)
  5 black bears
  30 orc warriors
  2 ice beasts
  An ice beast (shapeshifter) (D:15)
  4 boggarts (D:13)
  9 wolves
  12 centaurs
  8 ogres
  A phantom (D:6)
  13 kobold brigands
  20 bullfrogs
  2 earth elementals (Volcano)
  4 gnoll sergeants
  A scorpion (D:5)
  12 wights (D:9)
  34 killer bees
  8 howler monkeys
  4 electric eels
  4 hounds
  2 jellies (D:4)
  6 orc priests
  3 gnoll boudas
  Jessica (D:3)
  7 iguanas
  29 orc wizards
  3 mummies (Ossuary)
  23 gnolls
  16 adders
  8 river rats
  A shadow imp (D:7)
  2 white imps
  3 worms
  3 dart slugs
  62 orcs
  9 ball pythons
  4 endoplasms
  2 giant cockroaches
  5 gnoll zombies (Ossuary)
  10 hobgoblins
  3 jackals (D:3)
  22 kobolds
  5 quokkas
  2 bats
  6 frilled lizards
  3 gnoll skeletons (Ossuary)
  15 goblins
  8 goblin skeletons (Ossuary)
  4 goblin zombies (Ossuary)
  2 hobgoblin skeletons (Ossuary)
  4 hobgoblin zombies (Ossuary)
  5 kobold skeletons (Ossuary)
  4 kobold zombies (Ossuary)
  4 orc skeletons (Ossuary)
  3 orc zombies (Ossuary)
  20 rats
  3 rat skeletons (Ossuary)
  5 rat zombies (Ossuary)
801 creatures vanquished.

Vanquished Creatures (collateral kills)
  A stone giant (Volcano)
  3 vault guards (D:14)
  A rakshasa (D:14)
  A catoblepas (Lair:5)
  2 two-headed ogres
  2 centaur warriors
  2 death yaks
  A tengu warrior (D:15)
  A manticore (Lair:5)
  An ugly thing (D:13)
  A komodo dragon (Lair:3)
  2 slime creatures (D:13)
  12 yaks
  2 fire elementals (D:14)
  A vampire mosquito (D:12)
  2 hell hounds (D:14)
  A water moccasin (Lair:5)
  3 orc warriors
  6 centaurs
  A gnoll sergeant (D:6)
  A killer bee (Lair:2)
  An electric eel (D:11)
  2 orc priests
  An orc wizard (D:14)
  A gnoll (D:13)
  4 orcs
  A kobold (Sewer)
57 creatures vanquished.

Vanquished Creatures (others)
  A komodo dragon (Lair:3)
  A troll (D:9)
  A yak (D:11)
  A centaur (D:14)
  A killer bee (Lair:4)
  An orc (D:9)
  35 fungi
  98 plants
  11 withered plants (D:15)
150 creatures vanquished.

Grand Total: 1008 creatures vanquished

Notes
Turn   | Place    | Note
-------+----------+-------------------------------------------
     0 | D:1      | DEFE the Demonspawn Wanderer began the quest for the Orb.
     0 | D:1      | DEFE set off with the following items: a +0 club, a +0
                  | scale mail, a scroll of fear, a wand of paralysis (12); and
                  | the following spell memorised: Sandblast; and the following
                  | spells available to memorise: Stone Arrow.
     0 | D:1      | Reached XP level 1. HP: 13/13 MP: 2/2
     6 | D:1      | Noticed a salamander
     6 | D:1      | Noticed a killer bee
     6 | D:1      | Noticed a black bear
     7 | D:1      | Noticed a snapping turtle
     7 | D:1      | Noticed a swamp drake
   238 | D:1      | Gained mutation: Your touch may inflict minor irresistible
                  | damage on your foes. [demonic ancestry]
   238 | D:1      | Reached XP level 2. HP: 18/19 MP: 3/3
  1017 | D:2      | Reached skill level 1 in Unarmed Combat
  1171 | D:2      | Reached XP level 3. HP: 24/24 MP: 4/4
  1826 | D:3      | Noticed Jessica
  1920 | D:3      | Noticed an ice beast
  1936 | D:2      | Killed an ice beast
  1937 | D:2      | Gained mutation: Your touch may inflict irresistible damage
                  | on your foes. [demonic ancestry]
  1937 | D:2      | Reached XP level 4. HP: 27/30 MP: 5/5
  1961 | D:3      | Gained mutation: You are partially covered in yellow
                  | scales. (AC +2) [demonic ancestry]
  1961 | D:3      | Reached XP level 5. HP: 35/35 MP: 6/6
  2069 | D:3      | Identified the +3 ring mail of Ipnef {+Inv rF+ Will++}
  2126 | D:3      | Killed Jessica
  2127 | D:3      | Reached skill level 5 in Unarmed Combat
  2127 | D:3      | Gained mutation: A weak demonic guardian rushes to your
                  | aid. [demonic ancestry]
  2127 | D:3      | Reached XP level 6. HP: 39/41 MP: 7/7
  2494 | D:3      | Found a runed translucent door.
  2495 | D:3      | Noticed Crazy Yiuf
  2526 | D:4      | Found a radiant altar of Vehumet.
  2649 | D:4      | Identified 3 scrolls of acquirement
  2652 | D:4      | Acquired a manual of Armour
  2654 | D:4      | Acquired 1072 gold pieces
  2659 | D:4      | Found a runed translucent gate.
  2661 | D:4      | Found a runed translucent gate.
  2662 | D:4      | Found a runed translucent gate.
  2691 | D:4      | Found an opulent altar of Gozag.
  2877 | D:4      | Gained mutation: A demonic guardian rushes to your aid.
                  | [demonic ancestry]
  2877 | D:4      | Reached XP level 7. HP: 13/46 MP: 8/8
  2974 | D:4      | Found a glowing drain.
  2980 | Sewer    | Entered a sewer
  3870 | D:4      | Noticed Mandevil's ghost (amateur HuHu)
  4319 | D:5      | Entered Level 5 of the Dungeon
  4499 | D:5      | Reached XP level 8. HP: 52/52 MP: 9/9
  4526 | D:5      | Found a sand-covered staircase.
  4567 | Ossuary  | Entered an ossuary
  5013 | Ossuary  | Noticed Menkaure
  5035 | Ossuary  | Killed Menkaure
  5036 | Ossuary  | Reached skill level 1 in Fighting
  5251 | D:5      | Reached skill level 5 in Armour
  5705 | D:5      | Found a staircase to the Ecumenical Temple.
  5711 | Temple   | Entered the Ecumenical Temple
  5782 | Temple   | Became a worshipper of Ru the Awakened
  6300 | D:6      | Gained mutation: You are mostly covered in yellow scales.
                  | (AC +3) [demonic ancestry]
  6300 | D:6      | Reached XP level 9. HP: 45/65 MP: 10/10
  6507 | D:6      | Found a hide-covered altar of Uskayaw.
  6562 | D:6      | Reached skill level 1 in Stealth
  6568 | D:6      | Gained mutation: You are weak. (Str -2) [potion of
                  | mutation]
  6568 | D:6      | Gained mutation: You are vulnerable to heat. (rF-) [potion
                  | of mutation]
  6568 | D:6      | Gained mutation: You possess an exceptional clarity of
                  | mind. [potion of mutation]
  6568 | D:6      | Gained mutation: You are partially covered in large bone
                  | plates. (SH +4) [potion of mutation]
  6685 | D:6      | Lost mutation: You possess an exceptional clarity of mind.
                  | [potion of mutation]
  6685 | D:6      | Lost mutation: You are weak. (Str -2) [potion of mutation]
  6686 | D:6      | Lost mutation: You are partially covered in large bone
                  | plates. (SH +4) [potion of mutation]
  6686 | D:6      | Lost mutation: You are vulnerable to heat. (rF-) [potion of
                  | mutation]
  6686 | D:6      | Gained mutation: You are occasionally teleported next to
                  | monsters. [potion of mutation]
  6686 | D:6      | Gained mutation: Your flesh is heat resistant. (rF+)
                  | [potion of mutation]
  6687 | D:6      | Lost mutation: Your flesh is heat resistant. (rF+) [potion
                  | of mutation]
  6687 | D:6      | Lost mutation: You are occasionally teleported next to
                  | monsters. [potion of mutation]
  6687 | D:6      | Gained mutation: Your body sometimes deteriorates upon
                  | taking damage. [potion of mutation]
  6687 | D:6      | Gained mutation: You occasionally lose the ability to drink
                  | potions when taking damage. [potion of mutation]
  6687 | D:6      | Gained mutation: You have very sharp teeth. [potion of
                  | mutation]
  6688 | D:6      | Lost mutation: You occasionally lose the ability to drink
                  | potions when taking damage. [potion of mutation]
  6688 | D:6      | Lost mutation: You have very sharp teeth. [potion of
                  | mutation]
  6688 | D:6      | Lost mutation: Your body sometimes deteriorates upon taking
                  | damage. [potion of mutation]
  6688 | D:6      | Gained mutation: You are clumsy. (Dex -2) [potion of
                  | mutation]
  6688 | D:6      | Gained mutation: You have supernaturally acute eyesight.
                  | (SInv) [potion of mutation]
  7102 | D:6      | Gained mutation: You occasionally lose the ability to drink
                  | potions when taking damage. [Ru sacrifice]
  7102 | D:6      | Gained mutation: You sometimes lose the ability to drink
                  | potions when taking damage. [Ru sacrifice]
  7102 | D:6      | Reached * piety under Ru
  7928 | D:8      | Acquired a manual of Evocations
  7944 | D:8      | Reached skill level 5 in Fighting
  8000 | D:8      | Noticed a troll
  8007 | D:8      | Acquired the +2 pair of boots of Wotz {rN+}
  8013 | D:8      | Killed a troll
  8049 | D:8      | Found a flagged portal.
  8061 | D:8      | Gained mutation: You may rarely emit foul miasma when
                  | damaged in melee. [demonic ancestry]
  8061 | D:8      | Reached XP level 10. HP: 56/75 MP: 11/11
  8122 | Bailey   | Entered a bailey
  8196 | Bailey   | Reached skill level 10 in Unarmed Combat
  8358 | Bailey   | Noticed a vault guard
  8370 | Bailey   | Killed a vault guard
  8435 | Bailey   | Noticed Prince Ribbit
  8435 | Bailey   | Noticed a vault guard
  8458 | Bailey   | Killed a vault guard
  8459 | Bailey   | Reached skill level 5 in Stealth
  8459 | Bailey   | Reached skill level 5 in Evocations
  8464 | Bailey   | Killed Prince Ribbit
  8593 | Bailey   | Acquired 1337 gold pieces
  8691 | Bailey   | Reached skill level 10 in Armour
  8691 | Bailey   | Reached skill level 6 in Evocations
  9144 | D:8      | Reached XP level 11. HP: 65/84 MP: 12/12
  9362 | D:8      | Found a snail-covered altar of Cheibriados.
 10103 | D:9      | Reached skill level 7 in Evocations
 10441 | D:9      | Gained mutation: You cannot be stealthy. [Ru sacrifice]
 10441 | D:9      | Reached ** piety under Ru
 10459 | D:9      | Found a staircase to the Orcish Mines.
 10562 | D:9      | Found a staircase to the Lair.
 10633 | D:9      | Identified the +5 scale mail of Curiosity {rC+}
 10644 | D:9      | Reached skill level 8 in Evocations
 10686 | D:9      | Noticed a centaur warrior
 10697 | D:9      | HP: 2/85 [centaur warrior/+0 trident (15)]
 10698 | D:9      | Killed a centaur warrior
 11034 | D:9      | Noticed a cyan ugly thing
 11044 | D:9      | Killed a cyan ugly thing
 11044 | D:9      | an eye of devastation changed into a glowing orange brain
 11044 | D:9      | Noticed a glowing orange brain (shapeshifter)
 11226 | D:9      | Found a shadowy altar of Dithmenos.
 11234 | D:9      | Reached skill level 9 in Evocations
 11474 | D:9      | Identified the +2 long sword "Demnihip" {freeze, rC++}
 11474 | D:9      | Noticed a wizard
 11509 | D:9      | Killed a wizard
 11550 | D:9      | Noticed a fire giant
 11648 | D:9      | Noticed a stone giant
 11659 | D:9      | Killed a stone giant
 11660 | D:9      | Gained mutation: A powerful demonic guardian rushes to your
                  | aid. [demonic ancestry]
 11660 | D:9      | Reached XP level 12. HP: 40/94 MP: 13/13
 12117 | D:9      | Found a burning altar of Makhleb.
 12252 | D:10     | Entered Level 10 of the Dungeon
 12260 | D:10     | Found a hazy altar of Hepliaklqana.
 12722 | D:10     | Reached skill level 10 in Evocations
 12786 | D:10     | Found an ornate altar of the Wu Jian Council.
 12796 | D:10     | Noticed a two-headed ogre
 12805 | D:10     | Killed a two-headed ogre
 12955 | D:10     | Found a stormy altar of Qazlal.
 13189 | D:10     | Found an iron altar of Okawaru.
 14006 | D:11     | Noticed a two-headed ogre
 14012 | D:11     | Killed a two-headed ogre
 14410 | D:11     | Reached skill level 11 in Evocations
 14661 | D:11     | Noticed a two-headed ogre
 14670 | D:11     | Killed a two-headed ogre
 15101 | D:11     | You are sucked into a shaft and drop 2 floors!
 15208 | D:12     | Noticed a two-headed ogre
 15213 | D:12     | Killed a two-headed ogre
 15214 | D:12     | Reached skill level 1 in Dodging
 15414 | D:12     | Noticed Snorg
 15425 | D:12     | Killed Snorg
 15426 | D:12     | Reached skill level 10 in Fighting
 15487 | D:12     | Identified the amulet of the Cockroach {Reflect *Slow rN+
                  | Str+4 SH+5}
 15487 | D:12     | Identified the +11 flail "Jylo" {holy, Int+2 Dex+2}
 15638 | D:12     | Noticed Jorgrun
 15657 | D:11     | Reached skill level 12 in Evocations
 15708 | Lair:1   | Entered Level 1 of the Lair of Beasts
 15711 | Lair:1   | Noticed Joseph
 15711 | Lair:1   | Noticed Amaemon
 15916 | D:9      | Reached XP level 13. HP: 101/103 MP: 14/14
 15945 | Lair:1   | Killed Joseph
 15950 | Lair:1   | Killed Amaemon
 17703 | Lair:2   | Gained mutation: You have somewhat slow reflexes. (EV -5)
                  | [Ru sacrifice]
 17703 | Lair:2   | Reached *** piety under Ru
 17726 | Lair:2   | You are sucked into a shaft and drop 1 floor!
 18166 | Lair:3   | Reached skill level 13 in Evocations
 18650 | Lair:3   | Found a basalt altar of Yredelemnul.
 18650 | Lair:3   | Identified the ring "Eloynieg" {Will- Str+5 Int+5 SInv}
 18723 | Lair:3   | Found a staircase to the Swamp.
 19864 | Lair:4   | Reached skill level 5 in Dodging
 20433 | Lair:4   | Reached skill level 14 in Evocations
 20821 | Lair:5   | Entered Level 5 of the Lair of Beasts
 21028 | Lair:5   | Reached XP level 14. HP: 75/113 MP: 15/15
 21255 | Lair:5   | HP: 4/113 [catoblepas (22)]
 22462 | Lair:5   | Reached skill level 15 in Evocations
 22971 | Lair:5   | Found a runed translucent door.
 22971 | Lair:5   | Noticed Wyjig's ghost (journeyman DrBr)
 23321 | Lair:5   | Found a staircase to the Slime Pits.
 24169 | Lair:2   | Found a hole to the Spider Nest.
 24662 | D:12     | Killed Jorgrun
 26254 | D:14     | Gained mutation: You are somewhat unskilled. (-1 Apt) [Ru
                  | sacrifice]
 26254 | D:14     | Reduced skill Evocations to level 14
 26254 | D:14     | Reached **** piety under Ru
 26424 | D:14     | Reached XP level 15. HP: 64/118 MP: 16/16
 26627 | D:14     | Noticed Frances
 26638 | D:14     | Killed Frances
 26829 | D:14     | Found a shimmering altar of Xom.
 26931 | D:14     | Found a gate to the Vaults.
 27361 | D:14     | Noticed Azrael
 27390 | D:14     | Killed Azrael
 28622 | D:15     | Entered Level 15 of the Dungeon
 29425 | D:15     | Acquired the ring "Elygif" {Wiz rF+ Dex+3}
 29467 | D:15     | Identified the +1 hand axe "Goebual" {vamp, Str+3}
 29818 | D:15     | Found a staircase to the Depths.
 29840 | D:15     | Gained mutation: You cannot study or cast Earth magic. [Ru
                  | sacrifice]
 29840 | D:15     | Gained mutation: You cannot study or cast Hexes magic. [Ru
                  | sacrifice]
 29840 | D:15     | Gained mutation: You cannot study or cast Conjurations
                  | magic. [Ru sacrifice]
 29840 | D:15     | Reached ***** piety under Ru
 30680 | D:15     | Found a basalt altar of Yredelemnul.
 30987 | D:15     | Reached skill level 15 in Evocations
 31534 | Orc:1    | Entered Level 1 of the Orcish Mines
 31552 | Orc:1    | Found Nesalac's Weapon Emporium.
 31891 | Orc:1    | Found a dark tunnel.
 31983 | Volcano  | Entered a volcano
 32832 | Orc:1    | Identified the +8 dire flail "Goblinbane" {protect, rPois
                  | Dex+3}
 32832 | Orc:1    | Noticed Feriw's ghost (journeyman HOMo)
 32965 | Orc:1    | Found a transporter.
 32981 | Orc:1    | Found a transporter.
 33190 | Orc:2    | Entered Level 2 of the Orcish Mines
 34832 | Orc:2    | Gained mutation: Your touch may irresistibly damage your
                  | foes and sap their willpower. [demonic ancestry]
 34832 | Orc:2    | Reached XP level 16. HP: 90/120 MP: 17/17
 34991 | Orc:2    | Found Vaqen's Antique Weapon Boutique.
 35058 | Orc:2    | Found a burning altar of Makhleb.
 35083 | Orc:2    | Found Enesyen's Antique Armour Shoppe.
 35092 | Orc:2    | Bought a runed helmet for 210 gold pieces
 35092 | Orc:2    | Bought a pair of glowing boots for 210 gold pieces
 35176 | Orc:2    | Found Dano's General Store.
 35192 | Orc:2    | Bought a phial of floods for 600 gold pieces
 35192 | Orc:2    | Bought a scroll of identify for 30 gold pieces
 35204 | Orc:2    | Found Wumnaede's Jewellery Shoppe.
 35237 | Orc:2    | Slain by an orc warrior

Illustrated notes

Levels and vault maps discovered:
D:1:      onia_arrival_zoo_common, layout_basic, fountainhead
D:2:      layout_basic, minivault_27
D:3:      layout_rooms, grunt_decor_cap, kennysheep_generic_room_13,
          uniq_crazy_yiuf_cottage, uniq_jessica
D:4:      minmay_general_purpose_star, layout_loops_ring,
          general_overflow_altar, ebering_ghost_gozag, gup_sewer_entry_bubbles
D:5:      layout_loops_ring, minmay_temple_entry_nine_rooms, serial_rivers,
          chequers_serial_rivers_small_3, chequers_serial_rivers_large_a,
          chequers_serial_rivers_micro_a, chequers_serial_rivers_room_a,
          nicolae_ossuary_entry_ruins
D:6:      nicolae_cairo_tiling_large_dashed, layout_loops_corners,
          nicolae_uskayaw_dance_hall, dk_noncrumbling_3
D:7:      layout_rooms, serial_bayou, serial_bayou_pond_b, serial_bayou_pond_d,
          serial_bayou_ford_a, serial_bayou_pond_d, grunt_ministairs_12
D:8:      layout_basic, kennysheep_slug_shrine, enter_bailey_5,
          hellmonk_bongcloud_opening, minmay_checkerbox
D:9:      nzn_winding_woodlands_large [nzn_winding_woodlands_5x5_cross,
          nzn_winding_woodlands_5x15_jagged,
          nzn_winding_woodlands_5x5_checkerboard,
          nzn_winding_woodlands_center_garden,
          nzn_winding_woodlands_15x15_five_gardens,
          nzn_winding_woodlands_center_diamonds,
          nzn_winding_woodlands_5x5_closed_star,
          nzn_winding_woodlands_5x15_zeroes,
          nzn_winding_woodlands_5x5_perimeter], layout_rooms,
          mainiacjoe_overflow_catwalk_spiral, lair_entry_dummy, orc_0_dummy
D:10:     layout_basic, mainiacjoe_overflow_alcove_4, grunt_qazlal_clouds,
          mainiacjoe_overflow_24_doors, nicolae_wu_jian_immortal_techniques
D:11:     argonaut_augean_stables, layout_basic, grunt_ogre_cave
D:12:     layout_rooms, uniq_snorg, uniq_jorgrun
D:13:     layout_gridville
D:14:     layout_stronghold, erik_vaults_2, xom_teletrap_fun,
          hangedman_decor_riveting, minmay_misc_feat_rows, uniq_frances,
          uniq_azrael
D:15:     gammafunk_depths_entry_grave, layout_irregular_city,
          serial_park_avenue1, yredelemnul_altar_generic
Temple:   cyrus_circular_temple
Lair:1:   layout_layer_cave, grunt_forest_small_clearing_treed,
          infiniplex_staircase_pool_2, uniq_amaemon, uniq_joseph
Lair:2:   layout_regular_city, hellmonk_spider_entry_not_the_bees, wad_woods_01
Lair:3:   layout_loops_ring, minmay_swamp_entry_reptiles, basic_altar,
          dreamdust_gnoll_shepherd, grunt_megastairs_1
Lair:4:   layout_roguey [special_room_bee], st_stairs_13, beast_lair_carwin_7
Lair:5:   evilmike_catoblepas_cave, layout_regular_city,
          dpeg_slime_entry_enclosed, gammafunk_ghost_grave,
          nicolae_lair_yak_garden
Orc:1:    layout_caves, nicolae_volcano_entry_batcave, gammafunk_ghost_smash,
          serial_shops, nicolae_shop_waterfront
Orc:2:    grunt_orc_gardens, layout_caves, grunt_orc_garden, grunt_orc_garden,
          grunt_orc_garden, grunt_orc_garden, basic_altar,
          statue_in_the_mist_lemuel

Skill      XL: |  1  2  3  4  5  6  7  8  9 10 11 12 13 14 15 16 |
---------------+-------------------------------------------------+-----
Unarmed Combat | 1 3 5 6 8 9 10 11 12 13 13 14 | 14.0
Armour         | 6 8 10 12 13 12 | 12.1
Fighting       | 3 5 7 8 10 11 11 12 13 | 13.0
Stealth        | 4 5 0 |  0.0
Evocations     | 6 9 12 14 14 15 | 15.2
Dodging        | 2 5 7 8 |  8.7
Earth Magic    | 0 |  0.0
Spellcasting   | |  1.2

Action                     |  1- 3 |  4- 6 |  7- 9 | 10-12 | 13-15 | 16-18 || total
---------------------------+-------+-------+-------+-------+-------+-------++-------
  Melee: Club              |    37 |       |       |       |       |       ||    37
         Unarmed           |   101 |   118 |   534 |   744 |  1426 |    70 ||  2993
         Touch             |    11 |    20 |    80 |   141 |   310 |    11 ||   573
         Punch             |     1 |       |    18 |    63 |   111 |     8 ||   201
  Throw: Dart              |       |       |       |       |     2 |       ||     2
 Invoke: Sacrifice Drink   |       |       |     1 |       |       |       ||     1
         Sacrifice Stealth |       |       |       |     1 |       |       ||     1
         Reject Sacrifices |       |       |       |     2 |     3 |       ||     5
         Draw Out Power    |       |       |       |       |    10 |     1 ||    11
         Sacrifice Health  |       |       |       |       |     1 |       ||     1
         Sacrifice Skill   |       |       |       |       |     1 |       ||     1
         Apocalypse        |       |       |       |       |     1 |       ||     1
         Sacrifice Arcana  |       |       |       |       |     1 |       ||     1
Ability: Evoke Invisibilit |       |       |       |     1 |       |       ||     1
  Evoke: Wand              |     1 |     1 |     4 |    20 |    19 |       ||    45
    Use: Scroll            |       |     9 |    10 |     8 |    13 |     2 ||    42
         Potion            |       |       |     6 |     1 |     1 |       ||     8
   Stab: Paralysed         |     8 |     2 |       |    12 |    11 |       ||    33
         Distracted        |       |       |     1 |       |     3 |     1 ||     5
         Invisible         |       |       |       |       |     9 |     1 ||    10
         Confused          |       |       |       |       |     1 |       ||     1
 Armour: Scale mail        |    61 |    36 |       |       |       |       ||    97
         Ring mail         |       |    43 |   283 |   411 |   958 |       ||  1695
         Plate armour      |       |       |       |       |     5 |    52 ||    57
         Crystal plate arm |       |       |       |       |     2 |       ||     2
  Dodge: Dodged            |    52 |    38 |   211 |   365 |   474 |    23 ||  1163

Table legend: (Time is in decaauts)
 A = Elapsed time spent in this place.
 B = Non-inter-level travel time spent in this place.
 C = Inter-level travel time spent in this place.
 D = Time resting spent in this place.
 E = Time spent auto-exploring this place.
 F = Levels seen in this place.
 G = Mean time per level.
                   A        B        C        D        E       F      G
               +--------+--------+--------+--------+--------+-----+--------+
         Total |  34774 |  33814 |    960 |  11046 |  17213 |  27 | 1287.9 |
       Dungeon |  21247 |  20572 |    675 |   6965 |  10323 |  15 | 1416.5 |
        Temple |     79 |     63 |     16 |      0 |     42 |   1 |   79.0 |
          Lair |   8316 |   8133 |    183 |   2083 |   4998 |   5 | 1663.2 |
  Orcish Mines |   2498 |   2413 |     85 |   1204 |    726 |   2 | 1249.0 |
         Sewer |    718 |    718 |      0 |    126 |    344 |   1 |  718.0 |
       Ossuary |    627 |    627 |      0 |    208 |    202 |   1 |  627.0 |
        Bailey |    665 |    665 |      0 |    341 |    161 |   1 |  665.0 |
       Volcano |    621 |    621 |      0 |    119 |    416 |   1 |  621.0 |
               +--------+--------+--------+--------+--------+-----+--------+

Top non-repeatable levels by time:
    D:14: 3683 daAuts
     D:9: 2986 daAuts
  Lair:5: 2562 daAuts
   Orc:1: 2077 daAuts
    D:11: 1717 daAuts
  Lair:4: 1708 daAuts
    D:15: 1408 daAuts
  Lair:2: 1375 daAuts
  Lair:3: 1373 daAuts
     D:8: 1325 daAuts
    D:13: 1307 daAuts
  Lair:1: 1295 daAuts
    D:10: 1231 daAuts
     D:6: 1217 daAuts
     D:2: 1094 daAuts
